 Dungeon Crawl Stone Soup version 0.16-a0-3667-g690a316 (webtiles) character file.

133 t3njin the Skirmisher (level 4, -5/45 HPs)
             Began as a Troll Fighter on Sept 10, 2015.
             Was an Initiate of Okawaru.
             Slain by Duvessa
             ... wielding a +0 short sword
              (10 damage)
             ... on level 4 of the Dungeon.
             The game lasted 00:12:48 (1633 turns).

t3njin the Skirmisher (Troll Fighter)               Turns: 1633, Time: 00:12:48

Health: -5/45      AC:  5    Str: 30    XL:     4   Next: 93%
Magic:  2/2        EV:  8    Int:  4    God:    Okawaru [......]
Gold:   103        SH:  9    Dex:  9    Spells: 0 memorised, 3 levels left

rFire  . . .     SeeInvis .     a - +0 war axe
rCold  . . .     Clarity  .     b - +0 robe
rNeg   . . .     SustAb   +     c - +0 shield
rPois  .         Gourm    +     (helmet restricted)
rElec  .         Spirit   .     (no cloak)
rCorr  .         Warding  .     (gloves unavailable)
rMut   .         Stasis   .     (boots unavailable)
MR     .....                    (no amulet)
Stlth  +.........               (no ring)
                                m - ring of sustain abilities

@: mighty, not resistant to hostile enchantments, very unstealthy
A: unfitting armour, claws 3, fast metabolism 3, gourmand, regeneration 2,
shaggy fur 1, tough skin 2
a: Renounce Religion


You were on level 4 of the Dungeon.
You worshipped Okawaru.
Okawaru was noncommittal.
You were full.

You visited 1 branch of the dungeon, and saw 4 of its levels.

You collected 103 gold pieces.

Inventory:

Hand weapons
 a - a +0 war axe (weapon)
Missiles
 f - 17 bolts
 j - 26 arrows
 p - 10 poisoned needles
Armour
 b - a +0 robe (worn)
 c - a +0 shield (worn)
Jewellery
 m - a ring of sustain abilities (left claw)
Scrolls
 k - 2 scrolls of remove curse
 o - 2 scrolls of identify
 q - a scroll of blinking {unknown}
Potions
 e - a potion of might
 g - a potion of resistance {unknown}
 h - 3 potions of curing
 i - a potion of restore abilities {unknown}
 l - a potion of degeneration {unknown}
Comestibles
 d - a meat ration
 n - a bread ration
 r - a royal jelly


   Skills:
 + Level 3.0 Fighting
 + Level 2.5 Axes
 + Level 2.6 Armour
 + Level 1.9 Dodging
 + Level 0.3 Stealth
 + Level 2.7 Shields


You had 3 spell levels left.
You didn't know any spells.

Dungeon Overview and Level Annotations

Branches:
Dungeon (4/15)
 Temple: D:4-7

Altars:
Okawaru

Annotations:
D:4 Duvessa


Innate Abilities, Weirdness & Mutations

You are too large for most types of armour.
You have claws for hands.
Your metabolism is lightning-fast.
You like to eat raw meat.
You heal very quickly.
You are covered in fur (AC +1).
You have very tough skin (AC +2).


Message History

You slash Duvessa!
Duvessa is heavily wounded.
Duvessa hits you with a short sword! Dowan hits you with a dagger.
You block Duvessa's attack.
You feel very mighty all of a sudden. You block Dowan's attack.
Duvessa says, "When magic and the sword combine, nothing stands against them."
Duvessa barely misses you.
You slice Dowan!!
You kill Dowan!
Okawaru accepts your kill.
Duvessa screams in rage.
Duvessa goes berserk!
You slash Duvessa!
Duvessa is heavily wounded.
Duvessa hits you with a short sword. Duvessa hits you with a short sword!
* * * LOW HITPOINT WARNING * * *
You slash Duvessa!
Duvessa is severely wounded.
Duvessa hits you with a short sword!
You die...

# #. .### ..#
# #.#
#.#.#########
#........e@)#
#.#.#######<#
e....# #.#
.......# #.#
##.....## #.#
####.# #.# #.
#.# #### #.
#.# ...#
##+## #.##


You could see Duvessa (berserk).

Vanquished Creatures
  Dowan (D:4)
  A hound (D:4)
  2 adders (D:3)
  A worm (D:3)
  4 orcs (D:3)
  3 bats
  5 hobgoblins
  A quokka (D:3)
  2 ball pythons
  4 giant newts
  10 goblins
  10 kobolds
  3 rats
47 creatures vanquished.

Notes
Turn   | Place    | Note
--------------------------------------------------------------
     0 | D:1      | t3njin, the Troll Fighter, began the quest for the Orb.
     0 | D:1      | Reached XP level 1. HP: 22/22 MP: 1/1
   287 | D:1      | Reached XP level 2. HP: 29/29 MP: 1/1
   613 | D:2      | Found an iron altar of Okawaru.
   702 | D:2      | Became a worshipper of Warmaster Okawaru
   900 | D:3      | Reached skill level 1 in Dodging
   900 | D:3      | Reached XP level 3. HP: 21/36 MP: 2/2
  1452 | D:3      | Reached XP level 4. HP: 31/44 MP: 2/2
  1527 | D:4      | Reached skill level 3 in Fighting
  1617 | D:4      | Noticed Dowan
  1618 | D:4      | Noticed Duvessa
  1632 | D:4      | Killed Dowan
  1633 | D:4      | Slain by Duvessa

Action                   |  1- 3 |  4- 6 || total
-------------------------+-------+-------++-------
Melee: War axe           |   131 |    12 ||   143
  Use: Scroll            |     2 |       ||     2
       Potion            |     1 |     1 ||     2
  Eat: Chunk             |     9 |     4 ||    13
       Meat ration       |     1 |       ||     1
